 Dungeon Crawl Stone Soup version 0.28.0-47-ge53b351184 (webtiles) character file.

Game seed: 17975949983912259993

171 Icepheonix32 the Chiller (level 5, -3/36 HPs)
             Began as a Demonspawn Ice Elementalist on May 4, 2022.
             Slain by a hobgoblin (5 damage)
             ... on level 3 of the Dungeon.
             The game lasted 00:04:39 (3755 turns).

Icepheonix32 the Chiller (DsIE)                     Turns: 3755, Time: 00:04:40

Health: -3/36      AC:  2    Str: 16    XL:     5   Next: 26%
Magic:  9/9        EV: 14    Int: 16    God:
Gold:   115        SH:  4    Dex: 14    Spells: 1/10 levels left

rFire   . . .      SeeInvis +   l - +2 dagger (venom)
rCold   . . .      Faith    .   (no shield)
rNeg    . . .      Spirit   .   a - +0 robe
rPois   .          Reflect  .   (no helmet)
rElec   .          Harm     .   (no cloak)
rCorr   .          Rampage  .   (no gloves)
Will    .....                   (no boots)
Stlth   ++........              (no amulet)
HPRegen 0.12/turn               g - ring of see invisible
MPRegen 0.11/turn               j - +6 ring of strength

@: no status effects
A: repulsion field 1, powered by death 1, condensation shield
a: no special abilities


You were on level 3 of the Dungeon.
You visited 1 branch of the dungeon, and saw 4 of its levels.

You collected 115 gold pieces.

Inventory:

Hand Weapons
 d - a +0 rapier
 i - a +2 antimagic whip
 l - a +2 dagger of venom (weapon)
Armour
 a - a +0 robe (worn)
Jewellery
 g - a ring of see invisible (left hand)
 j - a +6 ring of strength (right hand)
Wands
 h - a wand of acid (3)
Scrolls
 c - 2 scrolls of identify
 e - a scroll of blinking
 f - a scroll of teleportation
Potions
 b - a potion of mutation
 k - a potion of curing
 m - a potion of haste


   Skills:
 + Level 0.5 Fighting
 - Level 1.7 Dodging
 - Level 1.7 Stealth
 - Level 3.0 Spellcasting
 * Level 0.6 Transmutations
 * Level 5.3 Ice Magic


You had one spell level left.
You knew the following spells:

 Your Spells              Type           Power      Damage    Failure   Level
a - Freeze                Ice            76%        1d9       1%          1
b - Ozocubu's Armour      Ice            19%        N/A       6%          3
c - Frozen Ramparts       Ice            38%        1d5       6%          3
d - Wereblood             Tmut           4%         N/A       22%         2

Your spell library contained the following spells:

 Spells                   Type           Power      Damage    Failure   Level
 Animate Skeleton         Necr           4%         N/A       19%         1
 Apportation              Tloc           4%         N/A       19%         1
 Summon Small Mammal      Summ           8%         N/A       19%         1
 Sublimation of Blood     Necr           2%         N/A       28%         2
 Hailstorm                Conj/Ice       10%        3d5       52%         4
 Summon Hydra             Summ           1%         N/A       100%        7


Dungeon Overview and Level Annotations

Branches:
Dungeon (4/15)
 Temple: D:4-7

Altars:
Kikubaaqudgha
Trog

Shops:
D:2 *

Annotations:
D:3 2 transporters, Cruo's ghost, amateur MiCK


Innate Abilities, Weirdness & Mutations

You are surrounded by a mild repulsion field. (EV +2)
You regenerate a little health from kills.
A meltable shield of frost defends you. (SH +4)


Message History

Unknown command.
Unknown command.
The frozen ramparts melt away as you move.
Found a hunting sling.
You feel sick.
You feel sick.
You now have 115 gold pieces (gained 13).
You feel sick.
You feel sick.
You feel sick.
You feel sick.
You are no longer poisoned.
An orc is nearby!
There is an escape hatch in the floor here.
An orc is nearby!
An orc is nearby!
A hobgoblin comes into view.
The hobgoblin shouts!
The orc shouts!
The orc hits you from afar with a +0 trident!
You are too injured to fight recklessly!
You are too injured to fight recklessly!
You are too injured to fight recklessly!
Unknown command.
The orc closely misses you.
The orc hits you from afar with a +0 trident!
* * * LOW HITPOINT WARNING * * *
You block the orc's attack.
There is an escape hatch in the floor here.
There is a stone staircase leading up here.
The hobgoblin misses you. The orc closely misses you.
You climb upwards.
Level annotation: 2 transporters, Cruo's ghost, amateur MiCK
There is a stone staircase leading down here.
You see here a +0 club.
The hobgoblin hits you.
* * * LOW HITPOINT WARNING * * *
You hit the hobgoblin.
The hobgoblin is heavily wounded.
The hobgoblin hits you.
You die...

############# #...........#
#...........# ######
#...........# #....# #
#...........########.##.###
#..........................
#.........>................
#........g@.###.####.##....
#...........# #............
#...........# #............
#...........# #............
############# #............
##........... #...........
############# #............


You could see a hobgoblin.

Vanquished Creatures
  A scorpion (D:3)
  5 adders
  2 worms
  2 dart slugs
  An orc (D:3)
  4 ball pythons
  4 bats
  4 endoplasms
  7 giant cockroaches
  7 goblins
  6 hobgoblins
  2 quokkas
  5 frilled lizards
  5 kobolds
  A rat (D:2)
56 creatures vanquished.

Vanquished Creatures (others)
  6 plants (D:3)
6 creatures vanquished.

Grand Total: 62 creatures vanquished

Notes
Turn   | Place    | Note
-------+----------+-------------------------------------------
     0 | D:1      | Icepheonix32 the Demonspawn Ice Elementalist began the
                  | quest for the Orb.
     0 | D:1      | Reached XP level 1. HP: 13/13 MP: 3/3
   395 | D:1      | Gained mutation: You regenerate a little health from kills.
                  | [demonic ancestry]
   395 | D:1      | Reached XP level 2. HP: 7/19 MP: 1/5
   580 | D:1      | Reached skill level 4 in Ice Magic
  1295 | D:2      | Found Cafykeha's General Store.
  1418 | D:2      | Gained mutation: You are surrounded by a mild repulsion
                  | field. (EV +2) [demonic ancestry]
  1418 | D:2      | Reached XP level 3. HP: 6/24 MP: 2/7
  1892 | D:1      | Learned a level 3 spell: Ozocubu's Armour
  1896 | D:1      | Learned a level 3 spell: Frozen Ramparts
  2124 | D:2      | Found a bloodstained altar of Trog.
  2140 | D:2      | Found a faded altar of an unknown god.
  2275 | D:2      | Gained mutation: A meltable shield of frost defends you.
                  | (SH +4) [demonic ancestry]
  2275 | D:2      | Reached XP level 4. HP: 11/30 MP: 5/8
  2733 | D:3      | Found a transporter.
  2733 | D:3      | Found a transporter.
  2749 | D:3      | Identified the +2 spear of Nightmares {venom, Fly Dex+4}
  2884 | D:3      | Found an ancient bone altar of Kikubaaqudgha.
  3410 | D:3      | Learned a level 2 spell: Wereblood
  3455 | D:4      | Noticed a scorpion
  3491 | D:4      | Noticed a water moccasin
  3500 | D:3      | Killed a scorpion
  3501 | D:3      | Reached skill level 5 in Ice Magic
  3501 | D:3      | Reached XP level 5. HP: 19/36 MP: 2/9
  3505 | D:3      | Noticed Cruo's ghost (amateur MiCK)
  3755 | D:3      | Slain by a hobgoblin

Illustrated notes

Levels and vault maps discovered:
D:1:      ncdulo_halloftheorcs, layout_basic, minmay_worlds_worst_comb
D:2:      layout_basic, serial_shops, shop, basic_altar,
          chequers_ecumenical_altar_simple_redux
D:3:      layout_basic, lemuel_round_altar, gammafunk_ghost_gnarly_gnolls
D:4:      kennysheep_the_goblin_king, layout_rooms, minmay_ruined_shrine

Skill      XL: |  1  2  3  4 |
---------------+-------------+-----
Ice Magic      | 4 5 |  5.3
Spellcasting   | 3 |  3.0
Fighting       | |  0.5
Dodging        | |  1.7
Stealth        | |  1.7
Transmutations | |  0.6

Action                   |  1- 3 |  4- 6 || total
-------------------------+-------+-------++-------
Melee: Rapier            |    54 |    24 ||    78
       Unarmed           |     2 |       ||     2
       Punch             |     1 |       ||     1
       Dagger            |       |    19 ||    19
 Cast: Freeze            |    46 |     4 ||    50
       Ozocubu's Armour  |     1 |     1 ||     2
       Frozen Ramparts   |       |     3 ||     3
  Use: Scroll            |     1 |     3 ||     4
       Potion            |     1 |     1 ||     2
 Stab: Sleeping          |     2 |       ||     2
Armor: Robe              |    14 |    11 ||    25
Dodge: Dodged            |    67 |    28 ||    95
Block: Other             |       |     4 ||     4
